[Event "Titled Tuesday Blitz July 27 2021"]
[White "Nesterov, Arseniy"]
[Black "Calderon, Zachary"]
[WhiteFideId "24198455"]
[BlackFideId "2076969"]
[WhiteElo "2477"]
[BlackElo "2267"]
[Result "1-0"]
[Round "11"]
[TimeControl "180+1"]
[Date "2021.07.27"]
[WhiteClock "0:00:14"]
[BlackClock "0:00:04"]

1. d4 d5 2. c4 e6 3. Nf3 a6 4. cxd5 exd5 5. Nc3 c6 6. Bf4 Bd6 7. e3 Bxf4 8. exf4 Bg4 9. Bd3 Qe7+ 10. Kd2 Qd6 11. Qe1+ Ne7 12. Ne5 Bd7 13. Qe3 O-O 14. Rae1 Nf5 15. Qh3 Nh6 16. g4 f6 17. Nxd7 Nxd7 18. Kc2 Qxf4 19. g5 Qg4 20. Qxg4 Nxg4 21. Bf5 Nxf2 22. Rhf1 fxg5 23. Bxd7 Rad8 24. Re7 Ne4 25. Be6+ Kh8 26. Rxf8+ Rxf8 27. Nxe4 dxe4 28. Rxb7 h6 29. Rf7 Re8 30. Bd7 Rd8 31. Re7 e3 32. Re8+ Rxe8 33. Bxe8 e2 34. Kd2 c5 35. dxc5 Kg8 36. c6 Kf8 37. c7 e1=Q+ 38. Kxe1 1-0


[Site "https://www.chess.com"]

[Event "Titled Tuesday Blitz July 27 2021"]
[White "Nogerbek, Kazybek"]
[Black "Assaubayeva, Bibisara"]
[WhiteFideId "13710427"]
[BlackFideId "13708694"]
[WhiteElo "2466"]
[BlackElo "2232"]
[Result "1-0"]
[Round "11"]
[TimeControl "180+1"]
[Date "2021.07.27"]
[WhiteClock "0:00:35"]
[BlackClock "0:00:03"]

1. d4 Nf6 2. Nc3 d5 3. Bf4 Bf5 4. e3 e6 5. Nf3 Bd6 6. Bg3 O-O 7. Bd3 Bg6 8. O-O c5 9. dxc5 Bxc5 10. Re1 Nc6 11. e4 dxe4 12. Nxe4 Nxe4 13. Bxe4 Bxe4 14. Rxe4 Qb6 15. b3 Rfd8 16. Qe2 Nd4 17. Nxd4 Bxd4 18. Rd1 Rac8 19. c4 h6 20. h3 Bf6 21. Re3 Rxd1+ 22. Qxd1 Rd8 23. Rd3 Rxd3 24. Qxd3 Qa5 25. Qe4 b6 26. a4 Qc3 27. Qa8+ Kh7 28. Qxa7 Qxb3 29. Qxf7 Qxc4 30. Qd7 Qd4 31. Qxd4 Bxd4 32. Kf1 Kg6 33. Ke1 Kf7 34. Ke2 Ke7 35. Kd3 Bc5 36. Kc4 Kd7 37. Kb5 Bd4 38. f3 g6 39. Kc4 Be3 40. Kb5 h5 41. Bb8 Kc8 42. Be5 Kb7 43. g4 hxg4 44. fxg4 Bf2 45. Bf6 Kc7 46. h4 Kd6 47. h5 gxh5 48. gxh5 Be3 49. Kc4 e5 50. Kd3 Bf4 51. Ke4 Kc5 52. Bxe5 Bh6 53. Bf4 Bf8 54. Be3+ Kb4 55. Bxb6 Kxa4 56. Be3 Kb5 57. Kd5 Bg7 58. Ke6 Kc4 59. Kf7 Be5 60. h6 Kd3 61. Bg5 Ke4 62. Bf6 Bf4 63. h7 1-0


[Site "https://www.chess.com"]

[Event "Titled Tuesday Blitz July 27 2021"]
[White "Obolentseva, Alexandra"]
[Black "Havanecz, Bianka"]
[WhiteFideId "24153648"]
[BlackFideId "704814"]
[WhiteElo "2113"]
[BlackElo "2352"]
[Result "1-0"]
[Round "11"]
[TimeControl "180+1"]
[Date "2021.07.27"]
[WhiteClock "0:00:18"]
[BlackClock "0:00:01"]

1. d4 d5 2. c4 e6 3. Nc3 Nf6 4. cxd5 exd5 5. Bg5 Be7 6. e3 c6 7. Bd3 Nbd7 8. Nf3 h6 9. Bh4 O-O 10. O-O Re8 11. Qc2 Nf8 12. Rae1 a5 13. Ne5 N6d7 14. Bxe7 Qxe7 15. f4 Nf6 16. Rf3 Bd7 17. Kh1 Rec8 18. Bf5 c5 19. Bxd7 N8xd7 20. Qf5 Qe6 21. Qd3 c4 22. Qf1 Rab8 23. Rg3 b5 24. e4 dxe4 25. Nxe4 Nxe4 26. Rxe4 Nf6 27. Ree3 Qd5 28. Qd1 Rd8 29. Re1 Rb6 30. Ng4 Kf8 31. Nxf6 Rxf6 32. Qg4 Rg6 33. Qe2 Qxd4 34. Qe7+ Kg8 35. Rxg6 fxg6 36. Qe6+ Kh7 37. f5 Qf6 38. fxg6+ Kxg6 39. Qe4+ Kf7 40. Qb7+ Kg8 41. Qxb5 Rc8 42. Qd5+ Kh8 43. Qxa5 Qxb2 44. Qf5 Qb8 45. h3 c3 46. Qc2 Qg3 47. Rd1 Re8 48. a4 Re1+ 49. Rxe1 Qxe1+ 50. Kh2 Qd2 51. Qf5 Qd6+ 52. g3 Qd2+ 53. Kh1 Qd1+ 54. Kh2 1-0


[Site "https://www.chess.com"]

[Event "Titled Tuesday Blitz July 27 2021"]
[White "Ovchinnikov, Vsevolod"]
[Black "Weetik, Vjacheslav"]
[WhiteFideId "24176842"]
[BlackFideId "4153472"]
[WhiteElo "2376"]
[BlackElo "2469"]
[Result "1-0"]
[Round "11"]
[TimeControl "180+1"]
[Date "2021.07.27"]
[WhiteClock "0:00:06"]
[BlackClock "0:00:06"]

1. d4 d5 2. c4 e6 3. Nf3 c6 4. Qc2 f5 5. g3 Bd6 6. Bg2 Nf6 7. O-O O-O 8. Nc3 Qe8 9. Rb1 a5 10. a3 Ne4 11. b4 axb4 12. axb4 Na6 13. c5 Be7 14. Bf4 Bd7 15. Nxe4 fxe4 16. Ne5 Nc7 17. Nxc6 Bxc6 18. Bxc7 Bb5 19. f3 e3 20. f4 Qh5 21. Rf3 Ra3 22. Qc1 Bxe2 23. Rxe3 Ra2 24. Ra1 Rfa8 25. Ba5 Rxa1 26. Qxa1 Bf6 27. h3 Bc4 28. Kh2 Qf5 29. Qc3 h5 30. h4 Rf8 31. Bh3 Qg6 32. Bxe6+ Kh8 33. Bc7 Ra8 34. Ba5 Qh6 35. Bh3 Bxh4 36. gxh4 Qxf4+ 37. Rg3 Re8 38. Bg2 Qxh4+ 39. Rh3 Qf4+ 40. Qg3 Qxg3+ 41. Rxg3 Rf8 42. Bc7 Rf5 43. Be5 Kh7 44. Rxg7+ Kh6 45. Rxb7 Kg5 46. Kg3 h4+ 47. Kh3 Be2 48. Rg7+ Kh5 49. Kh2 h3 50. Bxh3 Rf2+ 51. Kg3 Rf3+ 52. Kg2 Rd3 53. Be6 Bf3+ 54. Kf2 Be4 55. Bf7+ Kh6 56. Rg3 Rd2+ 57. Ke3 Rd3+ 58. Kf4 Rd1 59. Kg4 Kh7 60. Be6 Kg6 61. Kh4+ Kh6 62. Bf4+ Kh7 63. Kg5 Kg7 64. Bf5 Bh1 65. Be5+ Kf7 66. b5 Rb1 67. b6 Ke7 68. Bxb1 1-0


[Site "https://www.chess.com"]

[Event "Titled Tuesday Blitz July 27 2021"]
[White "Palchuk, Andrii"]
[Black "Nathan, Nitish"]
[WhiteFideId "14176688"]
[BlackFideId "30927870"]
[WhiteElo "2284"]
[BlackElo "2287"]
[Result "1-0"]
[Round "11"]
[TimeControl "180+1"]
[Date "2021.07.27"]
[WhiteClock "0:00:28"]
[BlackClock "0:01:19"]

1. e4 c5 2. Nf3 Nc6 3. c3 Nf6 4. e5 Nd5 5. d4 cxd4 6. cxd4 d6 7. exd6 exd6 8. Nc3 Nxc3 9. bxc3 d5 10. Bd3 Bd6 11. O-O O-O 12. h3 Ne7 13. Bg5 h6 14. Bh4 Qc7 15. Bxe7 Bxe7 16. Ne5 Bd6 17. Re1 Bxe5 18. Rxe5 Qxc3 19. Rc1 Qa5 20. Bb1 f5 21. Qb3 Qd2 22. Rd1 Qg5 23. Qxd5+ Kh8 24. Rde1 Qg6 25. Re7 Rb8 26. Qe5 b6 27. Qxb8 Qf6 28. Qe5 Qg6 29. Rc1 Ba6 30. Rcc7 Rg8 31. Bxf5 Qg5 32. f4 Qg3 33. Bc2 Qa3 34. Qf5 g6 35. Rh7# 1-0


[Site "https://www.chess.com"]

[Event "Titled Tuesday Blitz July 27 2021"]
[White "Pelopidass"]
[Black "Mickiewicz, Piotr"]
[BlackFideId "1114891"]
[WhiteElo "2567"]
[BlackElo "2263"]
[Result "1-0"]
[Round "11"]
[TimeControl "180+1"]
[Date "2021.07.27"]
[WhiteClock "0:00:10"]
[BlackClock "0:00:04"]

1. d4 Nf6 2. c4 g6 3. Nc3 Bg7 4. e4 d6 5. Bg5 O-O 6. Qd2 c5 7. d5 e6 8. Be2 exd5 9. exd5 Re8 10. Nf3 Bg4 11. O-O a6 12. Rae1 Nbd7 13. Qf4 Qb6 14. b3 Qb4 15. Qc1 Rxe2 16. Rxe2 Bxf3 17. gxf3 b5 18. Bd2 Ne5 19. Kg2 bxc4 20. Ne4 Qb6 21. bxc4 Nh5 22. Qc2 Qd8 23. Ng3 Qh4 24. Re4 Qf6 25. f4 Ng4 26. h3 Nh6 27. Nxh5 gxh5 28. Rfe1 Nf5 29. Re8+ Rxe8 30. Rxe8+ Bf8 31. Qe4 Qg6+ 32. Kh2 Qf6 33. Qg2+ Ng7 34. Qg5 h6 35. Qxf6 1-0


[Site "https://www.chess.com"]

[Event "Titled Tuesday Blitz July 27 2021"]
[White "Perez Gormaz, Matias"]
[Black "Ulko, Jaroslav"]
[WhiteFideId "3406342"]
[BlackFideId "4116658"]
[WhiteElo "2414"]
[BlackElo "2304"]
[Result "1-0"]
[Round "11"]
[TimeControl "180+1"]
[Date "2021.07.27"]
[WhiteClock "0:00:25"]
[BlackClock "0:00:04"]

1. e4 c5 2. Nf3 e6 3. g3 d5 4. exd5 exd5 5. d4 Nf6 6. Bg2 Nc6 7. O-O Bd6 8. dxc5 Bxc5 9. Nc3 O-O 10. a3 h6 11. b4 Be7 12. Bb2 Bg4 13. Qd3 Rc8 14. Rfe1 a6 15. Rad1 d4 16. Ne2 Qd7 17. Nexd4 Rfd8 18. Nxc6 Qxc6 19. Nd4 Qd7 20. Rd2 Nh7 21. Qe4 Bf6 22. Qxb7 Rc7 23. Qxa6 Ng5 24. h4 Ne6 25. c3 Nxd4 26. cxd4 Rdc8 27. Qd3 Bf5 28. Be4 Re8 29. Rde2 Rxe4 30. Rxe4 Kh7 31. Qe2 Qd5 32. Rf4 Rc2 33. Qf3 Qxf3 34. Rxf3 Bg4 35. Rf4 h5 36. Ba1 Rd2 37. b5 Bd8 38. a4 Bb6 39. Rxf7 Kg6 40. Rb7 Ba5 41. Ra7 Bb4 42. Rb1 Bd6 43. Ra6 1-0


[Site "https://www.chess.com"]

[Event "Titled Tuesday Blitz July 27 2021"]
[White "Pinheiro, Iung Alicio de O."]
[Black "Nguyen, Quoc Hy"]
[WhiteFideId "2104350"]
[BlackFideId "12410853"]
[WhiteElo "2478"]
[BlackElo "1975"]
[Result "0-1"]
[Round "11"]
[TimeControl "180+1"]
[Date "2021.07.27"]
[WhiteClock "0:00:08"]
[BlackClock "0:00:18"]

1. e4 c5 2. Nc3 a6 3. d4 cxd4 4. Qxd4 Nc6 5. Qe3 g6 6. b3 Bg7 7. Bb2 Nf6 8. O-O-O O-O 9. h4 d6 10. h5 Nxh5 11. Nge2 b5 12. f3 Qc7 13. g4 Nf6 14. Nf4 Be6 15. g5 Nd7 16. Ncd5 Qa5 17. Bxg7 Kxg7 18. Kb1 Rac8 19. Bd3 Bxd5 20. Nxd5 e6 21. Nf6 Nxf6 22. gxf6+ Kxf6 23. Rxh7 Nb4 24. Qd4+ Ke7 25. Qb2 Nxd3 26. cxd3 Qc3 27. Rh2 Qxb2+ 28. Kxb2 Rh8 29. Rdh1 Rxh2+ 30. Rxh2 Rc5 31. Rh8 b4 32. Ra8 a5 33. d4 Rh5 34. Kc2 Rh2+ 35. Kb1 Rd2 36. Rxa5 Rxd4 37. Rb5 f5 38. exf5 gxf5 39. Kb2 e5 40. a4 bxa3+ 41. Kxa3 Rd3 42. f4 Ke6 43. fxe5 dxe5 44. Kb4 f4 45. Kc4 Rd4+ 46. Kc3 f3 47. Rb6+ Kf5 48. Rb8 Ke4 49. Rf8 Ke3 50. b4 Rf4 51. Re8 e4 52. b5 f2 53. b6 f1=Q 54. b7 Qc1+ 55. Kb4 Qb1+ 56. Kc5 Qxb7 57. Rxe4+ Rxe4 58. Kd6 Rd4+ 59. Ke5 Rd5+ 60. Kf6 Qc6+ 61. Ke7 Rd7+ 62. Ke8 Qc8# 0-1


[Site "https://www.chess.com"]

[Event "Titled Tuesday Blitz July 27 2021"]
[White "Pires, Marcos Vinicius Torsani"]
[Black "Arakhamia-Grant, Ketevan"]
[WhiteFideId "2118939"]
[BlackFideId "13600168"]
[WhiteElo "2273"]
[BlackElo "2177"]
[Result "1-0"]
[Round "11"]
[TimeControl "180+1"]
[Date "2021.07.27"]
[WhiteClock "0:02:11"]
[BlackClock "0:01:07"]

1. d4 Nf6 2. Bf4 g6 3. e3 Bg7 4. Nf3 d6 5. h3 O-O 6. Be2 Nbd7 7. O-O Qe8 8. c4 e5 9. Bh2 Qe7 10. Nc3 c6 11. b4 e4 12. Nd2 d5 13. c5 Ne8 14. b5 f5 15. bxc6 bxc6 16. Qa4 Bb7 17. Rab1 Ndf6 18. Rb2 a5 19. Rfb1 Ba6 20. Bxa6 Rxa6 21. Rb7 Qe6 22. R1b6 Rxb6 23. Rxb6 f4 24. Bxf4 Nh5 25. Bh2 Qf5 26. Nd1 Qg5 27. Nf1 1-0


[Site "https://www.chess.com"]

[Event "Titled Tuesday Blitz July 27 2021"]
[White "Poormosavi, Seyed Kian"]
[Black "Sadovsky, Artem"]
[WhiteFideId "12585807"]
[BlackFideId "4155840"]
[WhiteElo "2134"]
[BlackElo "2442"]
[Result "1-0"]
[Round "11"]
[TimeControl "180+1"]
[Date "2021.07.27"]
[WhiteClock "0:01:08"]
[BlackClock "0:00:01"]

1. e4 g6 2. d4 Bg7 3. Nf3 d6 4. Be3 c5 5. c3 cxd4 6. cxd4 Nf6 7. Nc3 O-O 8. Be2 a6 9. O-O b5 10. b4 Bb7 11. Bd3 Nc6 12. a3 Ng4 13. Bd2 Rc8 14. Rc1 Qb6 15. h3 Nf6 16. Be3 Nd7 17. d5 Nd4 18. Kh1 e5 19. dxe6 fxe6 20. Bb1 e5 21. Ba2+ Kh8 22. Ng5 h6 23. Ne6 Rf6 24. Nxd4 exd4 25. Bxd4 Qd8 26. Bxf6 Nxf6 27. f3 Nh5 28. Ne2 Qh4 29. Be6 Rxc1 30. Qxc1 Ng3+ 31. Nxg3 Qxg3 32. Qe1 Qf4 33. Bd5 Be5 34. g3 1-0


[Site "https://www.chess.com"]

[Event "Titled Tuesday Blitz July 27 2021"]
[White "Pourkashiyan, Atousa"]
[Black "Yaran, Siar"]
[WhiteFideId "12502014"]
[BlackFideId "6323006"]
[WhiteElo "2285"]
[BlackElo "1977"]
[Result "1-0"]
[Round "11"]
[TimeControl "180+1"]
[Date "2021.07.27"]
[WhiteClock "0:00:15"]
[BlackClock "0:00:20"]

1. e4 e5 2. Nf3 Nc6 3. Bb5 a6 4. Ba4 Nf6 5. O-O Be7 6. Re1 b5 7. Bb3 d6 8. c3 O-O 9. h3 Na5 10. Bc2 c5 11. d4 Qc7 12. d5 Nb7 13. Nbd2 Nd8 14. Nf1 Ne8 15. Ne3 g6 16. c4 Rb8 17. b3 b4 18. Nh2 Ng7 19. Nhg4 f6 20. Nh6+ Kh8 21. Rf1 Nh5 22. Nef5 Nf7 23. Nxf7+ Rxf7 24. Nh6 Rf8 25. Qf3 Bd7 26. g4 Ng7 27. Kh2 Rbe8 28. Bd2 Qc8 29. Rg1 Bd8 30. Rg3 a5 31. Rag1 Qa6 32. Qe2 a4 33. f4 exf4 34. Bxf4 a3 35. Qd3 Be7 36. R3g2 Qb6 37. Rf2 Qd8 38. Rgf1 Bc8 39. Qg3 Bb7 40. Rg1 Bc8 41. h4 Bb7 42. Kh1 Bc8 43. Rh2 Bb7 44. Qd3 Bc8 45. h5 g5 46. e5 f5 47. Bg3 dxe5 48. Bxe5 Bf6 49. Bxf6 Qxf6 50. Nxf5 Nxf5 51. gxf5 Bxf5 52. Qxf5 Qxf5 53. Bxf5 Rxf5 54. Rd2 Kg7 55. d6 Rd8 56. d7 Kf7 57. Re1 Rf6 58. Re5 h6 59. Rxc5 Ke7 60. Re5+ Re6 61. Rb5 Rxd7 62. Rxd7+ Kxd7 63. Rxb4 Re2 64. Rb7+ Kc6 65. Rh7 Rxa2 66. Rxh6+ Kc5 67. Ra6 Kb4 68. h6 1-0


[Site "https://www.chess.com"]

[Event "Titled Tuesday Blitz July 27 2021"]
[White "Provotorov, Ivan"]
[Black "Kretov, Evgenij"]
[WhiteFideId "4154657"]
[BlackFideId "4167821"]
[WhiteElo "2270"]
[BlackElo "2400"]
[Result "0-1"]
[Round "11"]
[TimeControl "180+1"]
[Date "2021.07.27"]
[WhiteClock "0:00:01"]
[BlackClock "0:00:19"]

1. c4 Nf6 2. Nc3 c5 3. Nf3 b6 4. e3 e6 5. d4 cxd4 6. exd4 d5 7. cxd5 Nxd5 8. Ne5 Nxc3 9. bxc3 Qd5 10. Be2 Qa5 11. O-O Bb7 12. Bf3 Qa6 13. Be2 Qa5 14. a4 a6 15. Bf3 Ra7 16. c4 Bb4 17. Bf4 O-O 18. Bxb7 Rxb7 19. Qb3 Bd2 20. Bxd2 Qxd2 21. Rfd1 Qf4 22. a5 b5 23. Rab1 Rd8 24. Qc3 Rc8 25. c5 Nd7 26. c6 Nb8 27. Rbc1 Rbc7 28. d5 exd5 29. Rxd5 f6 30. Qb3 Kh8 0-1


[Site "https://www.chess.com"]

[Event "Titled Tuesday Blitz July 27 2021"]
[White "Prydun, Andriy"]
[Black "Hasangatin, Ramil"]
[WhiteFideId "14145898"]
[BlackFideId "4122160"]
[WhiteElo "2024"]
[BlackElo "2375"]
[Result "1-0"]
[Round "11"]
[TimeControl "180+1"]
[Date "2021.07.27"]
[WhiteClock "0:00:04"]
[BlackClock "0:00:09"]

1. d4 d6 2. e4 Nf6 3. Nc3 e5 4. Nge2 Nc6 5. f3 Be7 6. Be3 O-O 7. Qd2 d5 8. O-O-O dxe4 9. d5 exf3 10. gxf3 Nd4 11. Nxd4 exd4 12. Qxd4 Bf5 13. Rg1 Bg6 14. Bd3 Ne8 15. Ne4 Nd6 16. Bf4 Re8 17. Rg2 b6 18. Rdg1 Nxe4 19. Bxe4 Bc5 20. Qc3 Bxg1 21. Rxg1 Rc8 22. Be5 f6 23. Bd4 Qd6 24. Bxg6 hxg6 25. Rxg6 Qf4+ 26. Kd1 Kf7 27. Rg3 Rcd8 28. Qc4 Rd6 29. c3 Re7 30. Qd3 Ke8 31. Qh7 Rxd5 32. Qg8+ Kd7 33. Qxd5+ Kc8 34. Qa8+ Kd7 35. Qd5+ Kc8 36. Kc2 g5 37. Kb3 a5 38. a4 Re8 39. Rg2 Rd8 40. Qa8+ Kd7 41. Qd5+ Kc8 42. Qc6 Rd6 43. Qa8+ Kd7 44. Re2 Rc6 45. Qe8+ Kd6 46. Qe6# 1-0


[Site "https://www.chess.com"]

[Event "Titled Tuesday Blitz July 27 2021"]
[White "Quparadze, Giga"]
[Black "Zubov, Alexander"]
[WhiteFideId "13602250"]
[BlackFideId "14109409"]
[WhiteElo "2658"]
[BlackElo "2740"]
[Result "1-0"]
[Round "11"]
[TimeControl "180+1"]
[Date "2021.07.27"]
[WhiteClock "0:00:37"]
[BlackClock "0:00:21"]

1. e4 g6 2. d4 Bg7 3. Nc3 d6 4. Bg5 Nc6 5. Nge2 Nf6 6. Qd2 h6 7. Bh4 g5 8. Bg3 Nh5 9. O-O-O e6 10. Qe3 Qe7 11. h4 g4 12. Kb1 a6 13. f3 gxf3 14. gxf3 Bd7 15. Bf2 b5 16. Ng3 Nxg3 17. Bxg3 b4 18. Ne2 e5 19. d5 Na5 20. Nc1 f5 21. Be1 Rb8 22. Qa7 Qd8 23. Qxa6 Ra8 24. Qe2 Qb8 25. Rg1 O-O 26. Qd2 f4 27. Qxb4 Qa7 28. Rg2 Nb7 29. Bf2 Nc5 30. Bxc5 dxc5 31. Qc3 Rfe8 32. Bc4 Kh7 33. Rdg1 Bf6 34. Rg6 Bg5 35. R6xg5 hxg5 36. Rxg5 Qb6 37. Nd3 Bb5 38. Nxe5 Bxc4 39. Nxc4 Qh6 40. a3 Rg8 41. Qe5 Rxg5 42. hxg5 Qh1+ 43. Ka2 Qxf3 44. Qf5+ Kh8 45. Ne5 Qh5 46. Qf6+ Kg8 47. Qe6+ Kg7 48. Qf6+ Kg8 49. Qxf4 Rf8 50. Qe3 Qh2 51. Nd7 Rf2 52. Qxc5 Rxc2 53. Qf8+ Kh7 54. Nf6+ Kg6 55. Qg8# 1-0


[Site "https://www.chess.com"]

[Event "Titled Tuesday Blitz July 27 2021"]
[White "Rangel, Daniel"]
[Black "Shukhman, Anna"]
[WhiteFideId "2124475"]
[BlackFideId "54180058"]
[WhiteElo "2187"]
[BlackElo "1628"]
[Result "0-1"]
[Round "11"]
[TimeControl "180+1"]
[Date "2021.07.27"]
[WhiteClock "0:01:29"]
[BlackClock "0:02:29"]

1. d4 f5 2. g3 Nf6 3. Bg2 g6 4. Nf3 Bg7 5. O-O O-O 6. c4 d6 7. b3 Qe8 8. Bb2 e5 9. dxe5 Ng4 10. Qd5+ Kh8 11. Nc3 Nxe5 12. Rae1 Nbc6 13. Qd2 Be6 14. e4 fxe4 15. Nxe4 Rxf3 16. Bxf3 Nxf3+ 0-1


[Site "https://www.chess.com"]

[Event "Titled Tuesday Blitz July 27 2021"]
[White "Reprintsev, Alexander"]
[Black "Hoffmann, Asa"]
[WhiteFideId "14100541"]
[BlackFideId "2001470"]
[WhiteElo "2126"]
[BlackElo "2117"]
[Result "0-1"]
[Round "11"]
[TimeControl "180+1"]
[Date "2021.07.27"]
[WhiteClock "0:00:02"]
[BlackClock "0:01:25"]

1. e4 d6 2. d4 Nf6 3. Nc3 c6 4. f4 Qa5 5. Qd2 b5 6. a3 b4 7. Nd1 Nxe4 8. Qxb4 Qc7 9. Bd3 a5 10. Qa4 Nf6 11. Ne3 g6 12. d5 Bg7 13. Ne2 Bd7 14. Qb3 O-O 15. O-O Na6 16. Bd2 Nc5 17. Qa2 Rfb8 18. Bc3 Qb7 19. Rab1 cxd5 20. Ng3 Be6 0-1


[Site "https://www.chess.com"]

[Event "Titled Tuesday Blitz July 27 2021"]
[White "Sapunov, Evgeny"]
[Black "Spata, German"]
[WhiteFideId "4126661"]
[BlackFideId "113026"]
[WhiteElo "2470"]
[BlackElo "2238"]
[Result "1-0"]
[Round "11"]
[TimeControl "180+1"]
[Date "2021.07.27"]
[WhiteClock "0:01:00"]
[BlackClock "0:00:53"]

1. c4 g6 2. Nf3 Bg7 3. d4 d6 4. Nc3 Nf6 5. e4 O-O 6. Be2 Bg4 7. Be3 Nfd7 8. Rc1 Nc6 9. d5 Bxf3 10. Bxf3 Nce5 11. Be2 f5 12. f4 Nf7 13. exf5 gxf5 14. O-O Nf6 15. h3 c6 16. Qd3 Qd7 17. Rcd1 e6 18. dxe6 Qxe6 19. Rfe1 Ne4 20. Nxe4 fxe4 21. Qc2 Nh6 22. g4 Kh8 23. Rf1 d5 24. Qb3 Rad8 25. cxd5 cxd5 26. Rd2 Qe7 27. Rxd5 Qh4 28. Bf2 Qe7 29. Rxd8 Rxd8 30. Rd1 Rf8 31. Bg3 Qc5+ 32. Kg2 e3 33. Bf3 Re8 34. Re1 Nf7 35. Qxf7 1-0


[Site "https://www.chess.com"]

[Event "Titled Tuesday Blitz July 27 2021"]
[White "Sarana, Alexey"]
[Black "Pridorozhni, Aleksei"]
[WhiteFideId "24133795"]
[BlackFideId "4127870"]
[WhiteElo "2646"]
[BlackElo "2565"]
[Result "1-0"]
[Round "11"]
[TimeControl "180+1"]
[Date "2021.07.27"]
[WhiteClock "0:00:12"]
[BlackClock "0:00:06"]

1. e4 c5 2. Nf3 e6 3. c3 Nc6 4. d4 d5 5. exd5 exd5 6. Bb5 Bd6 7. dxc5 Bxc5 8. O-O Ne7 9. Nbd2 O-O 10. Nb3 Bb6 11. Re1 Nf5 12. Bf4 Be6 13. Bd3 h6 14. Qd2 Qf6 15. Ne5 Rfe8 16. Re2 Nh4 17. Rae1 Red8 18. a4 a5 19. Bc2 Bf5 20. Bg3 Bxc2 21. Qxc2 Nf5 22. Qd3 Nxg3 23. Qxg3 Rac8 24. Nd2 Bc7 25. Ng4 Qg5 26. Qh3 Qf4 27. Nf3 Bd6 28. b3 Bf8 29. Nfe5 Nxe5 30. Nxe5 d4 31. Nd3 Qf6 32. c4 Bb4 33. Rd1 Bc3 34. Qf3 Qxf3 35. gxf3 Kf8 36. Re5 Rd6 37. Rb5 b6 38. f4 Re8 39. Kg2 Re2 40. Kf3 Ra2 41. h4 g6 42. h5 gxh5 43. Rxh5 Re6 44. Rb5 Rf6 45. Rd5 Ke7 46. Re5+ Kf8 47. Rb5 Ke7 48. f5 Rd6 49. Kf4 Kf6 50. Rh1 Bd2+ 51. Ke4 Ke7 52. Re5+ Kf8 53. Rd5 Ke7 54. Rxd6 Kxd6 55. f4 Bb4 56. Rxh6+ Kc7 57. Rf6 Re2+ 58. Kxd4 Rd2 59. Rxf7+ Kc6 60. Rf6+ Kb7 61. Re6 Ba3 62. f6 Bb2+ 63. Ke3 1-0


[Site "https://www.chess.com"]

[Event "Titled Tuesday Blitz July 27 2021"]
[White "Seletsky, Grigory"]
[Black "Nugumanov, Bakhtiyar"]
[WhiteFideId "14112191"]
[BlackFideId "13701797"]
[WhiteElo "2492"]
[BlackElo "2262"]
[Result "1-0"]
[Round "11"]
[TimeControl "180+1"]
[Date "2021.07.27"]
[WhiteClock "0:00:44"]
[BlackClock "0:00:31"]

1. d4 Nf6 2. c3 g6 3. h3 Bg7 4. Bf4 d6 5. e3 Nbd7 6. Nf3 b6 7. Bh2 Bb7 8. Be2 O-O 9. O-O Ne4 10. Nbd2 e5 11. a4 h6 12. a5 f5 13. a6 Bc6 14. Qb3+ Kh7 15. Nxe4 Bxe4 16. Nd2 exd4 17. cxd4 Nf6 18. Nxe4 Nxe4 19. Rad1 c5 20. Bb5 cxd4 21. exd4 Rc8 22. Rd3 f4 23. f3 Ng5 24. Rfd1 d5 25. Rc3 Rxc3 26. bxc3 Ne6 27. Re1 Nc7 28. Bd3 Qd6 29. Kh1 Kh8 30. Qc2 g5 31. Qb3 b5 32. Bb1 Re8 33. Rxe8+ Nxe8 34. Qxb5 Qe6 35. Bg1 Qe7 36. Qb7 Bf6 37. Qxd5 Nd6 38. Ba2 Qe8 39. Qxd6 Kg7 40. Qd5 h5 41. Qb7+ Be7 42. Qxa7 g4 43. Qb7 gxh3 44. gxh3 Kh6 45. Qe4 Qd7 46. Qe6+ 1-0


[Site "https://www.chess.com"]

[Event "Titled Tuesday Blitz July 27 2021"]
[White "Shahade, Gregory"]
[Black "Horak, Martin"]
[WhiteFideId "2009064"]
[BlackFideId "367095"]
[WhiteElo "2705"]
[BlackElo "1997"]
[Result "1-0"]
[Round "11"]
[TimeControl "180+1"]
[Date "2021.07.27"]
[WhiteClock "0:00:20"]
[BlackClock "0:00:03"]

1. e4 c5 2. Nf3 d6 3. d4 cxd4 4. Nxd4 Nf6 5. Nc3 g6 6. Be3 Bg7 7. f3 O-O 8. Qd2 Nc6 9. O-O-O Nxd4 10. Bxd4 Be6 11. Kb1 Qc7 12. h4 Rfc8 13. h5 Qa5 14. hxg6 hxg6 15. a3 Rab8 16. Bd3 b5 17. Qg5 Qc7 18. e5 b4 19. exf6 bxc3 20. fxg7 Ba2+ 21. Kxa2 Rxb2+ 22. Ka1 e5 23. Qf6 1-0


[Site "https://www.chess.com"]

[Event "Titled Tuesday Blitz July 27 2021"]
[White "Shuvalov, Evgenij"]
[Black "Quintiliano Pinto, Renato R."]
[WhiteFideId "4187237"]
[BlackFideId "2117568"]
[WhiteElo "2163"]
[BlackElo "2439"]
[Result "0-1"]
[Round "11"]
[TimeControl "180+1"]
[Date "2021.07.27"]
[WhiteClock "0:00:01"]
[BlackClock "0:00:08"]

1. Nf3 d5 2. c4 e6 3. g3 Nf6 4. Bg2 Be7 5. O-O O-O 6. b3 c5 7. e3 Nc6 8. Bb2 b6 9. Nc3 dxc4 10. bxc4 Bb7 11. d3 a6 12. Rb1 Qc7 13. Ba1 Rab8 14. Qe2 Rfd8 15. a3 Na7 16. Rfd1 b5 17. e4 Bc6 18. Qc2 h6 19. Ne2 Rb7 20. Be5 Qc8 21. Bc3 bxc4 22. Ne5 cxd3 23. Rxd3 Rxd3 24. Qxd3 Rxb1+ 25. Qxb1 Be8 26. Nc4 Nb5 27. Bb2 Nd7 28. e5 Nc7 29. Nc3 Qb8 30. Ne4 Nb5 31. Qd1 Nb6 32. Ncd6 Nd5 33. Nxe8 Qxe8 34. Nd6 Nxd6 35. exd6 Bxd6 36. Bxd5 exd5 37. Qxd5 Bf8 38. Kg2 Qb5 39. Bc3 c4 40. Qd4 Qc6+ 41. Kg1 f6 42. h4 Bxa3 43. h5 Bf8 44. Qd8 Kf7 45. Qd2 Qd6 46. Qc2 Qd3 47. Qb2 Qd1+ 48. Kg2 Qxh5 49. Qb7+ Kg8 50. Qxa6 Qd5+ 51. Kg1 h5 52. Qc8 Kf7 53. Qc7+ Kg6 54. Qc8 Qd1+ 55. Kg2 Qd5+ 56. Kg1 Qc5 57. Qe8+ Kh7 58. Qe4+ g6 59. Qe8 Qe7 60. Qc6 Qf7 61. Qxf6 Qxf6 62. Bxf6 Kg8 63. Kf1 Kf7 64. Bd4 Bg7 65. Be3 Ke6 66. Ke2 Kd5 67. f3 Bd4 68. Bf4 Be5 0-1


[Site "https://www.chess.com"]

[Event "Titled Tuesday Blitz July 27 2021"]
[White "Shvedova, Alexandra"]
[Black "Gontcharov, Vladislav"]
[WhiteFideId "54154782"]
[BlackFideId "4123492"]
[WhiteElo "1887"]
[BlackElo "2503"]
[Result "1-0"]
[Round "11"]
[TimeControl "180+1"]
[Date "2021.07.27"]
[WhiteClock "0:00:13"]
[BlackClock "0:00:18"]

1. e4 e6 2. d4 d5 3. Nd2 Be7 4. Ngf3 Nf6 5. e5 Nfd7 6. c3 c5 7. Bb5 Nc6 8. O-O a6 9. Bxc6 bxc6 10. dxc5 Nxc5 11. b4 Nd7 12. Nb3 Qc7 13. Re1 c5 14. Bf4 cxb4 15. cxb4 Bxb4 16. Re2 O-O 17. Rc1 Qb6 18. Be3 Qb8 19. Rec2 Nxe5 20. Nxe5 Qxe5 21. Bd4 Qf5 22. Nc5 e5 23. Bb2 d4 24. a3 Bxc5 25. Rxc5 Bb7 26. f3 Rad8 27. Qb3 Ba8 28. Re1 Rfe8 29. Qc4 Qf6 30. Rc7 Bd5 31. Qc5 h5 32. Bxd4 exd4 33. Rxe8+ Rxe8 34. Qxd5 d3 35. Rc1 Qb6+ 36. Kh1 Qe3 37. Rg1 d2 38. h3 Qxg1+ 39. Kxg1 Re1+ 40. Kh2 d1=Q 41. Qa8+ Kh7 42. Qxa6 Qd6+ 43. Qxd6 1-0


[Site "https://www.chess.com"]